 Dungeon Crawl Stone Soup version 0.22.1-1-ga44c0e56f4 (webtiles) character file.

730 KleinerIrrer the Skirmisher (level 7, -5/56 HPs)
             Began as a Demonspawn Gladiator on Oct 31, 2018.
             Killed by divine providence
             ... invoked by an orc priest
              (10 damage)
             ... on level 4 of the Dungeon.
             The game lasted 00:16:34 (5717 turns).

KleinerIrrer the Skirmisher (Demonspawn Gladiator)  Turns: 5717, Time: 00:16:35

Health: -5/56      AC:  8    Str: 13 (14) XL:     7   Next: 44%
Magic:  7/7        EV: 13    Int: 10 (12) God:
Gold:   217        SH:  0    Dex: 13 (14) Spells: 6/6 levels left

rFire    . . .     SeeInvis .   a - +0 quarterstaff
rCold    . . .     Gourm    .   (shield currently unavailable)
rNeg     . . .     Faith    .   b - +0 leather armour
rPois    .         Spirit   .   c - +0 helmet
rElec    .         Reflect  .   (no cloak)
rCorr    .         Harm     .   (no gloves)
MR       .....                  (no boots)
Stlth    +++.......             (no amulet)
HPRegen  0.18/turn              (no ring)
MPRegen  0.10/turn              (no ring)

@: flying, hasted, very quick
A: iridescent scales 2, nightstalker 2
a: no special abilities


You were on level 4 of the Dungeon.
You were not hungry.

You visited 1 branch of the dungeon, and saw 4 of its levels.

You collected 217 gold pieces.

Inventory:

Hand Weapons
 a - a +0 quarterstaff (weapon)
 j - a +0 dagger
Missiles
 d - 3 throwing nets (quivered)
 i - 31 poisoned needles
 r - 4 needles of confusion
 s - 7 tomahawks
Armour
 b - a +0 leather armour (worn)
 c - a +0 helmet (worn)
Wands
 o - a wand of flame (29)
Scrolls
 e - 2 scrolls of remove curse {unknown}
 h - 2 scrolls of random uselessness
 k - a scroll of amnesia
 n - a scroll of fear {unknown}
Comestibles
 f - 5 rations


   Skills:
 - Level 5.6 Fighting
 * Level 5.2 Staves
 - Level 1.7 Throwing
 + Level 4.2 Dodging
 - Level 1.2 Stealth


You had 6 spell levels left.
You didn't know any spells.
Your spell library was empty.

Dungeon Overview and Level Annotations

Branches:
Dungeon (4/15)
 Temple: D:4-7

Altars:
Gozag
Ru

Annotations:
D:2 1 runed door, Sigmund


Innate Abilities, Weirdness & Mutations

You are mostly covered in iridescent scales. (AC +4)
You are significantly more attuned to the shadows.


Message History

Okay, then.
It was a potion of degeneration.
There was something very wrong with that liquid.
You feel weakened.
You feel dopey.
You feel clumsy. The orc wizard hits you with a dagger.
* * * LOW HITPOINT WARNING * * *
The orc priest begins to cast a cantrip, but forgets the words!
It was a potion of flight.
You feel very buoyant.
You fly up into the air.
The orc wizard hits you but does no damage.
The orc priest calls upon Beogh to heal the orc wizard.
The orc wizard's wounds heal themselves!
The orc wizard hits you with a dagger.
* * * LOW HITPOINT WARNING * * *
It was a potion of haste.
You feel yourself speed up.
The orc wizard hits you but does no damage.
The orc priest invokes the aid of Beogh against you.
Beogh smites you!
You die...

....# #....#....#
....# #....#....#
....# #....'....#
....# #....#....#
....#
#....#....#+##
##'##
#....#....#..#
....#
#....#....#..#
....#
##...#...oo..#
....#
##...#...@#..# ####
....#
#....#....#o###...#
....#
#....#....#..#....#
....#
#....#....'..'.o..#
....#
######....#########
##### ######


You could see an orc priest and an orc wizard.

Vanquished Creatures
  Menkaure (D:4)
  An ogre (D:3)
  A scorpion (D:4)
  A howler monkey (D:4)
  A centaur zombie (D:4)
  A hound (D:2)
  2 orc priests
  Natasha (thrice) (D:2)
  A worker ant (D:4)
  Ijyb (D:3)
  4 gnolls (D:2)
  5 adders
  An ooze (D:3)
  3 worms (D:2)
  6 leopard geckos
  7 orcs
  6 giant cockroaches
  7 goblins
  16 hobgoblins
  5 jackals
  A ball python (D:1)
  8 bats
  6 frilled lizards
  7 kobolds
  10 rats
105 creatures vanquished.

Vanquished Creatures (others)
  14 toadstools (D:1)
14 creatures vanquished.

Grand Total: 119 creatures vanquished

Notes
Turn   | Place    | Note
-------+----------+-------------------------------------------
     0 | D:1      | KleinerIrrer the Demonspawn Gladiator began the quest for
                  | the Orb.
     0 | D:1      | Reached XP level 1. HP: 16/16 MP: 1/1
   319 | D:1      | Gained mutation: You are slightly more attuned to the
                  | shadows. [demonic ancestry]
   319 | D:1      | Reached XP level 2. HP: 22/22 MP: 2/2
   924 | D:1      | Reached skill level 1 in Stealth
   976 | D:1      | Gained mutation: You are partially covered in iridescent
                  | scales. (AC +2) [demonic ancestry]
   976 | D:1      | Reached XP level 3. HP: 25/28 MP: 3/3
  1380 | D:2      | Noticed Natasha
  1503 | D:2      | Reached XP level 4. HP: 34/35 MP: 4/4
  1673 | D:2      | Killed Natasha
  1779 | D:2      | Gained mutation: You are mostly covered in iridescent
                  | scales. (AC +4) [demonic ancestry]
  1779 | D:2      | Reached XP level 5. HP: 25/42 MP: 5/5
  2213 | D:2      | Noticed Natasha
  2221 | D:2      | Killed Natasha
  2282 | D:2      | Noticed Natasha
  2288 | D:2      | Killed Natasha
  2472 | D:2      | Found a runed door.
  2495 | D:2      | Noticed Sigmund
  2613 | D:3      | Found a sacrificial altar of Ru.
  2776 | D:3      | Noticed Ijyb
  2789 | D:3      | Killed Ijyb
  2789 | D:3      | Reached XP level 6. HP: 43/50 MP: 6/6
  2992 | D:3      | Reached skill level 5 in Fighting
  4449 | D:4      | Noticed Menkaure
  5093 | D:4      | Found an opulent altar of Gozag.
  5116 | D:4      | Gained mutation: You are significantly more attuned to the
                  | shadows. [demonic ancestry]
  5116 | D:4      | Reached XP level 7. HP: 50/56 MP: 7/7
  5225 | D:4      | Killed Menkaure
  5430 | D:4      | Reached skill level 5 in Staves
  5717 | D:4      | Killed from afar by an orc priest

Skill      XL: |  1  2  3  4  5  6  7 |
---------------+----------------------+-----
Staves         | 3 4 5 |  5.2
Stealth        | 1 |  1.2
Fighting       | 3 4 5 |  5.6
Dodging        | 3 4 |  4.2
Throwing       | |  1.7

Action                   |  1- 3 |  4- 6 |  7- 9 || total
-------------------------+-------+-------+-------++-------
Melee: Quarterstaff      |   114 |   205 |    39 ||   358
  Use: Scroll            |       |     3 |     1 ||     4
       Potion            |       |     2 |     5 ||     7
 Stab: Sleeping          |     9 |     8 |     2 ||    19
  Eat: Chunk             |     2 |    12 |     1 ||    15
Armor: Leather armour    |    34 |    52 |    21 ||   107
Dodge: Dodged            |    62 |   131 |    20 ||   213
